 Dungeon Crawl Stone Soup version 0.30.1-9-gdf580d7c3d (webtiles) character file.

Game seed: 8735807422253265165

63 lonewolfV2 the Shield-Bearer (level 4, 0/37 HPs)
             Began as a Formicid Fighter on Oct 9, 2023.
             Slain by a rat (1 damage)
             ... on level 2 of the Dungeon.
             The game lasted 00:01:50 (947 turns).

lonewolfV2 the Shield-Bearer (Formicid Fighter)      Turns: 947, Time: 00:01:51

Health: 0/37       AC:  6    Str: 20    XL:     4   Next: 31%
Magic:  4/4        EV:  9    Int:  8    God:
Gold:   15         SH:  5    Dex: 15    Spells: 3/3 levels left

rFire   . . .        a - +0 war axe
rCold   . . .        c - +0 buckler
rNeg    . . .        b - +0 scale mail
rPois   .            (helmet unavailable)
rElec   .            (no cloak)
rCorr   .            (no gloves)
SInv    +            (no boots)
Will    .....        (no amulet) Stlth
                     (no ring)
HPRegen 0.26/turn    (no ring)
MPRegen 0.09/turn

%: no passive effects
@: mighty
A: permanent stasis, dig shafts and tunnels, antennae 3, four strong arms
a: Dig, Shaft Self


You were on level 2 of the Dungeon.
You visited 1 branch of the dungeon, and saw 2 of its levels.

You collected 15 gold pieces.

Inventory:

Hand Weapons
 a - a +0 war axe (weapon)
Armour
 b - a +0 scale mail (worn)
 c - a +0 buckler (worn)
Scrolls
 e - a scroll of teleportation {unknown}
 f - a scroll of fog {unknown}
 i - 2 scrolls of identify {unknown}
 j - a scroll of blinking {unknown}
 k - a scroll of noise {unknown}
Potions
 d - 2 potions of might
 g - a potion of curing {unknown}
 h - a potion of ambrosia {unknown}


   Skills:
 + Level 3.6 Fighting
 + Level 2.7 Axes
 + Level 3.5 Armour
 + Level 0.7 Dodging
 + Level 0.1 Stealth
 + Level 5.0 Shields


You had 3 spell levels left.
You didn't know any spells.
Your spell library was empty.

Dungeon Overview and Level Annotations

Branches:
Dungeon (2/15)

Altars:

Shops:
D:1 :


Innate Abilities, Weirdness & Mutations

You cannot be hasted, slowed, berserked, paralysed or teleported.
You can dig through walls and to a lower floor.
You have a pair of large antennae on your head. (SInv)
Your four strong arms can wield two-handed weapons with a shield.


Message History

The gnoll shouts! x2
The gnoll hits you from afar with a +0 spear.
You see here 10 gold pieces.
The gnoll hits you but does no damage.
You feel very mighty all of a sudden. You block the gnoll's attack.
A gnoll comes into view. It is wielding a +0 spear.
The gnoll shouts!
You block the gnoll's attack. The gnoll hits you with a +0 spear.
The gnoll hits you from afar with a +0 spear.
You hit the gnoll.
The gnoll is heavily wounded.
You slash the gnoll!
You kill the gnoll!
The ball python bites you but does no damage.
The ball python grabs you. The ball python constricts you.
The gnoll completely misses you.
The gnoll hits you from afar with a +0 spear.
You block the gnoll's attack.
A rat comes into view.
You have reached level 4!
You feel clever.
You slash the gnoll!
You kill the gnoll!
You hit the ball python.
You kill the ball python!
The gnoll hits you but does no damage. The gnoll barely misses you.
The gnoll hits you from afar with a +0 spear.
The gnoll hits you but does no damage.
Your Shields skill increases to level 5!
The gnoll hits you from afar with a +0 spear.
* * * LOW HITPOINT WARNING * * *
The gnoll hits you from afar with a +0 spear.
* * * LOW HITPOINT WARNING * * *
The rat barely misses you.
You see here a +0 spear.
You block the gnoll's attack. The gnoll hits you with a +0 spear.
* * * LOW HITPOINT WARNING * * *
The rat bites you.
You die...

###..:....#...#
#.........#...#
.###+##.#.......#...#
......#.#.......#...#
####....#.......#...##+#+#
#.......#.......#.........
#......$####..............
#......†.)######..........
#####+#.#@r# #..........
#..gg....#.###..####
####.###.#.......... ..
..#####...... .... ...
#.†.... ......#.##......
.......>........
......###....†..
#..<#+####


You could see 2 gnolls and a rat.

Vanquished Creatures
  An adder (D:2)
  2 gnolls (D:2)
  A worm (D:2)
  A dart slug (D:1)
  4 ball pythons
  An endoplasm (D:1)
  2 giant cockroaches (D:1)
  2 goblins
  2 hobgoblins (D:1)
  2 jackals (D:1)
  2 kobolds (D:1)
  6 bats (D:1)
  2 frilled lizards (D:1)
  4 rats
32 creatures vanquished.

Notes
Turn   | Place    | Note
-------+----------+-------------------------------------------
     0 | D:1      | lonewolfV2 the Formicid Fighter began the quest for the
                  | Orb.
     0 | D:1      | Reached XP level 1. HP: 18/18 MP: 1/1
    85 | D:1      | Found Teagh's Book Shop.
   194 | D:1      | Reached XP level 2. HP: 24/24 MP: 2/2
   386 | D:1      | Reached XP level 3. HP: 28/30 MP: 3/3
   945 | D:2      | Reached XP level 4. HP: 19/37 MP: 4/4
   946 | D:2      | Reached skill level 5 in Shields
   947 | D:2      | HP: 1/37 [gnoll/+0 spear (6)]
   947 | D:2      | Slain by a rat

Illustrated notes

Levels and vault maps discovered:
D:1:      dpeg_arrival_concentric_ovals, layout_basic, serial_shops,
          nicolae_shop_rolling_square, eino_curves_03
D:2:      layout_basic

Skill      XL: |  1  2  3  4 |
---------------+-------------+-----
Shields        | 5 |  5.0
Fighting       | |  3.6
Axes           | |  2.7
Armour         | |  3.5
Dodging        | |  0.7
Stealth        | |  0.1

Action                     |  1- 3 |  4- 6 || total
---------------------------+-------+-------++-------
  Melee: War axe           |   102 |     1 ||   103
    Use: Potion            |     1 |       ||     1
 Armour: Scale mail        |    84 |     2 ||    86
  Dodge: Dodged            |    81 |     2 ||    83
  Block: Buckler           |    37 |     1 ||    38
